 Dungeon Sprint DCSS version 0.28.0-47-ge53b351184 (webtiles) character file.

Game seed: 2581731739380432751

42 bromine the Cudgeller (level 3, 0/39 HPs)
             Began as a Troll Berserker on May 9, 2022.
             Was a Priest of Trog.
             Slain by an iguana (5 damage)
             ... in the Dungeon (Sprint IX: "|||||||||||||||||||||||||||||").
             The game lasted 00:00:43 (50 turns).

bromine the Cudgeller (Troll Berserker)               Turns: 50, Time: 00:00:44

Health: 0/39       AC:  4    Str: 27    XL:     3   Next: 35%
Magic:  2/2        EV: 10    Int:  3    God:    Trog [***...]
Gold:   0          SH:  0    Dex:  9    Spells: 2/2 levels left

rFire   . . .      SeeInvis .   a - +0 mace
rCold   . . .      Faith    .   (no shield)
rNeg    . . .      Spirit   .   b - +0 animal skin
rPois   .          Reflect  .   (helmet restricted)
rElec   .          Harm     .   (no cloak)
rCorr   .          Rampage  .   (gloves unavailable)
Will    .....      NoTele   +   (boots unavailable)
Stlth   +.........              (no amulet)
HPRegen 0.93/turn               (no ring)
MPRegen 0.08/turn               (no ring)

@: on berserk cooldown, slowed, very slow
A: large, unfitting armour, claws 3, regeneration 1, shaggy fur 1, tough skin 1
a: Renounce Religion, Berserk, Trog's Hand


You were in the Dungeon.
You worshipped Trog.
Trog was most pleased with you.
You visited 1 branch

Inventory:

Hand Weapons
 a - a +0 mace (weapon)
Armour
 b - a +0 animal skin (worn)
Scrolls
 h - a scroll of blinking
Potions
 c - a potion of curing
 d - a potion of heal wounds
 e - a potion of haste
 f - 2 potions of magic
 g - a potion of berserk rage


   Skills:
 + Level 3.9 Fighting
 + Level 4.4 Maces & Flails
 + Level 4.1 Dodging


You had 2 spell levels left.
You didn't know any spells.
Your spell library was empty.

Dungeon Overview and Level Annotations

Branches:
Dungeon (1/1)

Altars:


Innate Abilities, Weirdness & Mutations

You are too large for most types of armour.
You have claws for hands.
Your natural rate of healing is unusually fast.
You are covered in fur. (AC +1)
You have tough skin. (AC +1)


Message History

You kill the ufetubus!
Trog accepts your kill.
Your Dodging skill increases to level 4!
You barely miss the ufetubus. The ufetubus hits you. x2
You miss the ufetubus.
The ufetubus hits you but does no damage.
The ufetubus closely misses you. The ufetubus barely misses you.
The ufetubus closely misses you.
You sock the ufetubus!
You kill the ufetubus!
Trog accepts your kill.
You hit the iguana.
The iguana is lightly wounded.
You are no longer berserk.
You are exhausted.
You feel yourself slow down.
You hit the iguana.
The iguana is moderately wounded.
The iguana bites you. The iguana barely misses you.
You hit the iguana but do no damage.
The iguana is moderately wounded.
The iguana bites you! x2
* * * LOW HITPOINT WARNING * * *
You closely miss the iguana.
The iguana is moderately wounded.
The iguana bites you.
* * * LOW HITPOINT WARNING * * *
You hit the iguana.
The iguana is heavily wounded.
The iguana bites you.
* * * LOW HITPOINT WARNING * * *
The iguana bites you.
* * * LOW HITPOINT WARNING * * *
You sock the iguana!
The iguana is almost dead.
The iguana barely misses you. The iguana closely misses you.
You completely miss the iguana.
The iguana is almost dead.
The iguana barely misses you. The iguana bites you.
You die...

▓+▓
▓.▓
▓.▓
▓.▓
▓.▓
▓l▓
▓l▓
▓@▓
▓.▓
▓.▓
▓.▓
▓†▓
▓)▓
▓.▓
▓.▓
▓.▓


You could see 2 iguanas.

Vanquished Creatures
  An iguana (D)
  2 ufetubi (D)
  A dart slug (D)
  2 hobgoblins (D)
  A frilled lizard (D)
  A kobold (D)
8 creatures vanquished.

Notes
Turn   | Place    | Note
-------+----------+-------------------------------------------
     0 | D        | bromine the Troll Berserker began the quest for the Orb.
     0 | D        | Reached XP level 1. HP: 22/22 MP: 0/0
    10 | D        | Reached ** piety under Trog
    25 | D        | Noticed an iguana
    25 | D        | Noticed an iguana
    25 | D        | Noticed an iguana
    32 | D        | Killed an iguana
    33 | D        | Reached XP level 2. HP: 32/32 MP: 1/1
    33 | D        | Reached XP level 3. HP: 39/39 MP: 2/2
    40 | D        | Reached *** piety under Trog
    50 | D        | Slain by an iguana

Illustrated notes

Levels and vault maps discovered:
D:        linesprint [early_d, line_temple, items_1, d_10, items_2, lair_1,
          lair_end, items_3, orc_1, orc_end, items_4, d_15, swamp_1, shoals_1,
          snake_1, spider_1, d_20, vaults_1, items_5, swamp_end, shoals_end,
          snake_end, spider_end, vaults_end, d_27, items_6, zot_1, zot_end,
          crypt_end, forest_end, elf_end, slime_end, tomb_end, abyss_end,
          pan_hell_end]

Skill      XL: |  1  2  3 |
---------------+----------+-----
Maces & Flails | 4 |  4.4
Fighting       | 3 |  3.9
Dodging        | 3 4 |  4.1

Action                   || total
-------------------------++-------
Melee: Mace              ||    39
Invok: Berserk           ||     1
Armor: Animal skin       ||    11
Dodge: Dodged            ||    22
